 Dungeon Crawl Stone Soup version 0.21.1-1-g345015f (webtiles) character file.

18043 Fang the Cleaver (level 12, -2/77 HPs)
             Began as a Gargoyle Berserker on May 29, 2018.
             Was a High Priest of Trog.
             Slain by a 12-headed hydra (4 damage)
             ... on level 3 of the Lair of Beasts.
             The game lasted 00:24:31 (14258 turns).

Fang the Cleaver (Gargoyle Berserker)              Turns: 14258, Time: 00:24:31

Health: -2/77      AC: 17    Str: 32    XL:     12   Next: 54%
Magic:  23/23      EV: 16    Int: 12    God:    Trog [*****.]
Gold:   826        SH:  0    Dex: 12    Spells: 11/11 levels left

rFire    . . .     SeeInvis .   h - +1 war axe (drain)
rCold    + . .     Gourm    .   (no shield)
rNeg     + . .     Faith    .   n - +1 robe "Fuissith" {+Inv Regen+}
rPois    ∞         Spirit   .   F - +3 hat of Pondering {ponderous, MR+ MP+10 Int+5}
rElec    +         Reflect  .   (no cloak)
rCorr    .         Harm     .   (no gloves)
MR       +....                  (no boots)
Stlth    ++........             x - amulet "Qiblurug" {rC+ Regen+}
HPRegen  1.02/turn              j - +3 ring of dexterity
MPRegen  0.18/turn              p - +5 ring of strength

@: silence (expiring), slow
A: iridescent scales 1, high mp 1, negative energy resistance 1, electricity
resistance, unbreathing, petrification resistance, rot immunity, AC +8
a: Renounce Religion, Evoke Invisibility


You were on level 3 of the Lair of Beasts.
You worshipped Trog.
Trog was extremely pleased with you.
You were not hungry.

You visited 3 branches of the dungeon, and saw 14 of its levels.

You collected 826 gold pieces.

Inventory:

Hand Weapons
 h - a +1 war axe of draining (weapon)
Armour
 n - the +1 robe "Fuissith" (worn) {+Inv Regen+}
   (You found it on level 10 of the Dungeon)

   It lets you turn invisible.
   It increases your rate of regeneration.
 r - a +5 ring mail
 F - the +3 hat of Pondering (worn) {ponderous, MR+ MP+10 Int+5}
   (You took it off Gastronok on level 9 of the Dungeon)

   It affects your intelligence (+5).
   It affects your resistance to hostile enchantments.
   It affects your magic capacity (+10).
 H - a +2 helmet of intelligence
Jewellery
 i - an uncursed ring of resist corrosion
 j - a +3 ring of dexterity (left hand)
 k - an uncursed ring of fire
 p - a +5 ring of strength (right hand)
 x - the amulet "Qiblurug" (around neck) {rC+ Regen+}
   (You found it on level 8 of the Dungeon)

   [amulet of regeneration]

   It protects you from cold.
   It increases your rate of regeneration.
 J - an uncursed ring of protection from cold {unknown}
Wands
 o - a wand of paralysis (61)
 t - a wand of iceblast (24)
 y - a wand of digging (8)
 B - a wand of acid (10)
 I - a wand of clouds (4)
Scrolls
 a - 2 scrolls of fear
 b - 2 scrolls of magic mapping
 f - 3 scrolls of teleportation
 g - 4 scrolls of remove curse
 v - 3 scrolls of identify
 A - 2 scrolls of fog
 D - a scroll of enchant armour
Potions
 d - a potion of ambrosia
 e - 2 potions of curing
 l - 2 potions of resistance
 m - a potion of might
 s - 3 potions of flight
 u - 2 potions of lignification
 z - a potion of haste
 C - 2 potions of brilliance
 E - 2 potions of agility
 G - a potion of heal wounds
Books
 q - a book of Cantrips

   Spells                             Type                      Level
   a - Confusing Touch                Hexes                        1
   b - Animate Skeleton               Necromancy                   1
   c - Summon Small Mammal            Summoning                    1
   d - Apportation                    Translocation                1
   Trog disapproves of the use of such an item.
Comestibles
 c - 27 rations


   Skills:
 + Level 10.0 Fighting
 + Level 13.2 Axes
 + Level 7.0 Armour
 + Level 7.4 Dodging
 + Level 4.9 Stealth


You had 11 spell levels left.
You didn't know any spells.

Dungeon Overview and Level Annotations

Branches:
Dungeon (10/15)            Temple (1/1) D:7            Lair (3/6) D:9
  Swamp: Lair:2-4    Shoals: Lair:2-4     Snake: Lair:2-4    Spider: Lair:2-4
    Orc: D:9-12

Altars:
Ashenzari
Cheibriados
Dithmenos
Elyvilon
Fedhas
Gozag
Hepliaklqana
Kikubaaqudgha
Makhleb
Nemelex Xobeh
Okawaru
Qazlal
Ru
Sif Muna
Trog
Uskayaw
Vehumet
Wu Jian
Xom
Yredelemnul
Zin
The Shining One

Annotations:
Lair:3 Snorg


Innate Abilities, Weirdness & Mutations

You are resistant to torment.
Your stone body is resilient. (AC +8)
You are immune to poison.
You resist negative energy. (rN+)
You are resistant to electric shocks. (rElec)
You can survive without breathing.
You are immune to petrification.
You are immune to rotting.
You are partially covered in iridescent scales. (AC +2)
You have an increased reservoir of magic. (+10% MP)


Message History

* * * LOW HITPOINT WARNING * * *
The 11-headed hydra bites you but does no damage. x3
You slice one of the 11-headed hydra's heads off!
The ten-headed hydra grows two more!
You slash the 12-headed hydra! You drain the 12-headed hydra!
The 12-headed hydra is severely wounded.
The 12-headed hydra bites you but does no damage.
The 12-headed hydra bites you!
* * * LOW HITPOINT WARNING * * *
The 12-headed hydra bites you but does no damage.
The 12-headed hydra bites you.
* * * LOW HITPOINT WARNING * * *
The 12-headed hydra misses you. x2
The 12-headed hydra completely misses you.
The 12-headed hydra bites you.
* * * LOW HITPOINT WARNING * * *
The 12-headed hydra bites you but does no damage.
The 12-headed hydra barely misses you. The 12-headed hydra misses you.
The 12-headed hydra bites you.
You die...

### ### ### ## ##.# #######
##.###.### ####
.###..#####...#.###.###.#..###.#.
.................................
.........###..#......###.P.......
.........#######......#####......
..........# #.@...### #..#.#.
..........# ###D...# #..###.
.....÷...P####......# #P..# ##
P............................. #
........#.#.###..............#. #
.......#.........P......(....## #
#......#.†.......P...........# P
#......+...............## .
........................ .


You could see a 12-headed hydra.

Vanquished Creatures
  Gastronok (D:9)
  A hydra (Lair:3)
  A two-headed ogre (D:10)
  Nergalle (D:9)
  An unseen horror (D:10)
  The ghost of bande the Shield-Bearer, a novice GrFi of Okawaru (D:7)
  A black mamba (Lair:3)
  2 spiny frogs (Lair:1)
  A rime drake (Lair:3)
  2 komodo dragons (Lair:3)
  2 hornets (D:8)
  A troll (D:10)
  10 blink frogs
  4 hippogriffs
  4 slime creatures (D:9)
  Grinder (D:3)
  A wraith (D:10)
  11 yaks (Lair:2)
  Grum (D:9)
  A basilisk (Lair:3)
  A hungry ghost (D:7)
  A steam dragon (D:9)
  4 water moccasins
  The ghost of OwlChick the Skirmisher, an amateur VSAK of Lugonu (D:3)
  An acid dragon (D:10)
  5 porcupines
  2 orc warriors (D:9)
  A hornet zombie (D:8)
  A sky beast (D:7)
  A black bear (D:6)
  A necrophage (D:6)
  2 phantoms
  An ice beast (D:9)
  3 wolves (D:9)
  5 ogres
  5 centaurs
  5 crocodiles
  A big kobold (D:8)
  11 bullfrogs
  A wyvern zombie (D:9)
  2 scorpions (D:8)
  6 electric eels (D:6)
  A howler monkey (D:4)
  A bullfrog zombie (D:4)
  2 crimson imps
  A centaur zombie (D:10)
  4 hounds
  4 orc priests
  A jelly (D:9)
  2 iguanas
  4 orc wizards
  Ijyb (D:3)
  8 worker ants
  A hound zombie (D:5)
  2 hound skeletons (D:5)
  A howler monkey zombie (D:5)
  3 gnolls (D:2)
  11 adders
  2 shadow imps
  3 oozes
  An adder skeleton (D:7)
  2 adder zombies
  2 worms (D:6)
  2 dart slugs
  13 leopard geckos
  20 orcs
  3 ball pythons
  8 giant cockroaches
  6 goblins
  9 hobgoblins
  10 jackals
  6 quokkas
  12 bats
  4 frilled lizards
  2 jackal skeletons
  11 kobolds
  3 rats
  2 fungi (D:9)
  3 plants
280 creatures vanquished.

Vanquished Creatures (others)
  11 fungi
  6 plants
17 creatures vanquished.

Grand Total: 297 creatures vanquished

Notes
Turn   | Place    | Note
-------+----------+-------------------------------------------
     0 | D:1      | Fang the Gargoyle Berserker began the quest for the Orb.
     0 | D:1      | Reached XP level 1. HP: 14/14 MP: 1/1
   383 | D:1      | Reached XP level 2. HP: 10/19 MP: 2/2
   622 | D:1      | Reached skill level 3 in Axes
   700 | D:1      | Found a glowing golden altar of the Shining One.
  1363 | D:2      | Reached XP level 3. HP: 23/24 MP: 3/3
  1497 | D:2      | Reached ** piety under Trog
  1497 | D:2      | Reached XP level 4. HP: 21/29 MP: 4/4
  1972 | D:2      | Reached skill level 1 in Stealth
  2328 | D:3      | Noticed OwlChick's ghost (amateur VSAK)
  2341 | D:3      | Killed OwlChick's ghost
  2341 | D:3      | Reached skill level 4 in Axes
  2341 | D:3      | Reached XP level 5. HP: 34/34 MP: 5/5
  2431 | D:3      | Found an opulent altar of Gozag.
  2438 | D:3      | Reached XP level 6. HP: 33/39 MP: 6/6
  2507 | D:3      | Noticed Grinder
  2523 | D:3      | Paralysed by Grinder for 5 turns
  2536 | D:3      | Killed Grinder
  2536 | D:3      | Reached skill level 5 in Axes
  2838 | D:3      | Noticed Ijyb
  2855 | D:3      | Paralysed by Ijyb for 7 turns
  2864 | D:3      | Paralysed by Ijyb for 4 turns
  2875 | D:3      | Killed Ijyb
  2875 | D:3      | Reached XP level 7. HP: 44/44 MP: 7/7
  3875 | D:4      | Reached skill level 5 in Fighting
  4157 | D:4      | Reached skill level 6 in Axes
  4461 | D:4      | Reached XP level 8. HP: 16/49 MP: 8/8
  4642 | D:4      | Reached *** piety under Trog
  5007 | D:5      | Entered Level 5 of the Dungeon
  5313 | D:5      | Reached skill level 7 in Axes
  6128 | D:6      | Gained mutation: You have an increased reservoir of magic. (+10% MP) [potion of mutation]
  6128 | D:6      | Gained mutation: You are partially covered in iridescent scales. (AC +2) [potion of mutation]
  6221 | D:6      | Found a shattered altar of Ashenzari.
  6222 | D:6      | Found an ornate altar of the Wu Jian Council.
  7025 | D:6      | Reached XP level 9. HP: 16/55 MP: 9/9
  7408 | D:6      | Reached skill level 5 in Armour
  7507 | D:6      | Found a bloodstained altar of Trog.
  7877 | D:7      | Found an iron altar of Okawaru.
  7895 | D:7      | Reached skill level 8 in Axes
  8055 | D:7      | Found a burning altar of Makhleb.
  8067 | D:7      | Paralysed by fainting for 12 turns
  8285 | D:7      | Noticed bande's ghost (novice GrFi)
  8302 | D:7      | Killed bande's ghost
  8414 | D:7      | Found a staircase to the Ecumenical Temple.
  8453 | Temple   | Entered the Ecumenical Temple
  8808 | D:8      | Noticed a hornet
  8818 | D:8      | Killed a hornet
  8820 | D:8      | Got a scorched copper amulet
  8821 | D:8      | Identified the amulet "Qiblurug" {rC+ Regen+} (You found it on level 8 of the Dungeon)
  8904 | D:8      | Reached skill level 9 in Axes
  9039 | D:8      | Reached skill level 5 in Dodging
  9039 | D:8      | Reached XP level 10. HP: 54/61 MP: 11/11
  9155 | D:8      | Reached **** piety under Trog
  9729 | D:9      | Found a staircase to the Lair.
  9840 | D:9      | Reached skill level 10 in Axes
 10367 | D:9      | Noticed Gastronok
 10380 | D:9      | Killed Gastronok
 10380 | D:9      | Reached skill level 11 in Axes
 10380 | D:9      | Reached XP level 11. HP: 66/68 MP: 12/12
 10632 | D:9      | Noticed Grum
 10657 | D:9      | Killed Grum
 10756 | D:10     | Entered Level 10 of the Dungeon
 10766 | D:10     | Got a smoking robe
 10777 | D:10     | Identified the +1 robe "Fuissith" {+Inv Regen+} (You found it on level 10 of the Dungeon)
 10788 | D:10     | Noticed Nergalle
 10879 | D:9      | Killed Nergalle
 11080 | D:10     | Killed an unseen horror
 11410 | D:10     | Noticed a two-headed ogre
 11417 | D:10     | Killed a two-headed ogre
 11593 | Lair:1   | Entered Level 1 of the Lair of Beasts
 11630 | Lair:1   | Reached skill level 12 in Axes
 12649 | Lair:2   | Reached ***** piety under Trog
 12655 | Lair:2   | Reached XP level 12. HP: 39/76 MP: 13/13
 13853 | Lair:3   | Reached skill level 13 in Axes
 14029 | Lair:3   | Noticed a five-headed hydra
 14045 | Lair:3   | Killed a 13-headed hydra
 14045 | Lair:3   | Reached skill level 10 in Fighting
 14091 | Lair:3   | Noticed a seven-headed hydra
 14096 | Lair:3   | Noticed Snorg
 14244 | Lair:3   | Noticed a four-headed hydra
 14258 | Lair:3   | HP: 2/77 [12-headed hydra (3)]
 14258 | Lair:3   | Slain by a 12-headed hydra

Skill      XL: |  1  2  3  4  5  6  7  8  9 10 11 12 |
---------------+-------------------------------------+-----
Axes           | 3 4 5 6 7 9 11 12 13 | 13.2
Fighting       | 4 5 6 8 9 10 | 10.0
Stealth        | 1 2 3 4 |  4.9
Dodging        | 2 3 5 6 7 |  7.4
Armour         | 3 4 6 7 |  7.0

Action                   |  1- 3 |  4- 6 |  7- 9 | 10-12 || total
-------------------------+-------+-------+-------+-------++-------
Melee: Hand axe          |   111 |   144 |   238 |       ||   493
       War axe           |       |       |   218 |   437 ||   655
Invok: Berserk           |     1 |     2 |     7 |     8 ||    18
       Burn Spellbooks   |       |       |       |     2 ||     2
  Use: Scroll            |       |       |    21 |     9 ||    30
       Potion            |       |       |     5 |       ||     5
 Stab: Sleeping          |       |     1 |     3 |     2 ||     6
  Eat: Chunk             |     1 |     8 |    18 |    17 ||    44
       Ration            |       |       |     3 |     3 ||     6
Armor: Animal skin       |    34 |    52 |     9 |       ||    95
       Ring mail         |       |       |   226 |    98 ||   324
       Robe              |       |       |       |   206 ||   206
Dodge: Dodged            |    76 |    95 |   298 |   428 ||   897
